 Dungeon Crawl Stone Soup version 0.30-a0-313-gae38170b09 (webtiles) character file.

Game seed: 7596385349709220516

680 Hlep the Slasher (level 7, -3/55 HPs)
             Began as a Formicid Fighter on Oct 26, 2022.
             Was an Initiate of Okawaru.
             Slain by Edmund
             ... wielding a +1 dire flail of protection
              (9 damage)
             ... on level 6 of the Dungeon.
             The game lasted 00:11:55 (5170 turns).

Hlep the Slasher (Formicid Fighter)                 Turns: 5170, Time: 00:11:55

Health: -3/55      AC:  8    Str: 28    XL:     7   Next: 92%
Magic:  0/7        EV: 13    Int:  8    God:    Okawaru [......]
Gold:   300        SH:  6    Dex: 13    Spells: 6/6 levels left

rFire   . . .      SeeInvis +    a - +0 long sword (freeze)
rCold   + . .      Faith    .    c - +1 buckler
rNeg    . . .      Spirit   +    b - +0 scale mail
rPois   .          Reflect  .    (helmet unavailable)
rElec   +          Harm     .    (no cloak)
rCorr   .          Rampage  .    e - +0 pair of gloves
Will    .....                    (no boots)
Stlth   ..........               n - amulet of guardian spirit
HPRegen 0.29/turn                j - ring of Neoluwiu {rElec rC+ EV+4 SInv}
MPRegen 0.10/turn                k - +6 ring of strength

@: no status effects
A: permanent stasis, dig shafts and tunnels, antennae 3, four strong arms
a: Dig, Shaft Self, Renounce Religion


You were on level 6 of the Dungeon.
You worshipped Okawaru.
Okawaru was noncommittal.
You visited 1 branch of the dungeon, and saw 6 of its levels.

You collected 300 gold pieces.

Inventory:

Hand Weapons
 a - a +0 long sword of freezing (weapon)
Armour
 b - a +0 scale mail (worn)
 c - a +1 buckler (worn)
 e - a +0 pair of gloves (worn)
Jewellery
 j - the ring of Neoluwiu (left hand) {rElec rC+ EV+4 SInv}
   (You acquired it on level 4 of the Dungeon)

   [ring of evasion]

   EV:        It affects your evasion (+4).
   rC:        It protects you from cold.
   rElec:     It insulates you from electricity.
   SInv:      It lets you see invisible.
 k - a +6 ring of strength (right hand)
 n - an amulet of guardian spirit (around neck)
 q - a ring of flight
Scrolls
 g - 2 scrolls of magic mapping
 p - a scroll of identify
 r - a scroll of brand weapon
Potions
 d - 3 potions of might
 f - a potion of magic
 h - a potion of heal wounds
 i - 3 potions of curing
 l - 2 potions of mutation
 o - a potion of brilliance
Miscellaneous
 m - a phial of floods


   Skills:
 + Level 4.4 Fighting
 * Level 6.8 Long Blades
 + Level 4.8 Armour
 + Level 4.8 Shields


You had 6 spell levels left.
You didn't know any spells.
Your spell library contained the following spells:

 Spells                   Type           Power      Damage    Failure   Level
 Cigotuvi's Dreadful Rot  Necr/Pois/Air  0%         N/A       86%         2
 Poisonous Vapours        Pois/Air       0%         N/A       86%         2
 Kindle Blastsparks       Fire/Tloc/Air  0%         2d10      97%         3
 Mephitic Cloud           Conj/Pois/Air  0%         N/A       97%         3
 Fulminant Prism          Conj/Hex       0%         3d6       100%        4
 Iskenderun's Mystic Bla  Conj/Tloc      0%         2d3       100%        4
 Lee's Rapid Deconstruct  Erth           0%         3d4*      100%        5


Dungeon Overview and Level Annotations

Branches:
Dungeon (6/15)
 Temple: D:4-7

Altars:
Okawaru
Ru

Shops:
D:4 (   D:6 *

Annotations:
D:6 Edmund


Innate Abilities, Weirdness & Mutations

You cannot be hasted, slowed, berserked, paralysed or teleported.
You can dig through walls and to a lower floor.
You have a pair of large antennae on your head. (SInv)
Your four strong arms can wield two-handed weapons with a shield.


Message History

Edmund is heavily wounded.
Edmund completely misses you.
You hit Edmund but do no damage.
Edmund is heavily wounded.
Edmund hits you with a +1 dire flail of protection.
You hit Edmund but do no damage.
Edmund is heavily wounded.
Edmund says, "A flail is better than a scythe, any day of the week!"
Edmund hits you with a +1 dire flail of protection.
You barely miss Edmund.
Edmund is heavily wounded.
Edmund hits you with a +1 dire flail of protection.
Edmund closely misses you.
You hit Edmund but do no damage.
Edmund is heavily wounded.
Edmund misses you.
You barely miss Edmund.
Edmund is heavily wounded.
You block Edmund's attack.
You hit Edmund. You freeze Edmund.
Edmund is severely wounded.
Edmund misses you.
You barely miss Edmund.
Edmund is severely wounded.
Edmund hits you with a +1 dire flail of protection!
You barely miss Edmund.
Edmund is severely wounded.
Edmund hits you with a +1 dire flail of protection!
You barely miss Edmund.
Edmund is severely wounded.
Edmund hits you with a +1 dire flail of protection.
* * * LOW HITPOINT WARNING * * *
You barely miss Edmund.
Edmund is severely wounded.
Edmund hits you with a +1 dire flail of protection!
* * * LOW HITPOINT WARNING * * *
You hit Edmund but do no damage.
Edmund is severely wounded.
Edmund hits you with a +1 dire flail of protection!
You die...

...........∩..........
......................
......................
.......<..............
......................
......................
##+###....#+#####....##
#....#....#.....'....#.
#....@@...#.....#....#.
##..##....##+####....##
# #####.......##'#..>
#...'.......#..#...
#...#.......#..#...
#...#.......#..#...
#...#.......'.>#...
#####.......####...
######### ####


You could see Edmund.

Vanquished Creatures
  Menkaure (D:4)
  A scorpion (D:5)
  2 orc priests
  4 hounds
  A gnoll bouda (D:5)
  2 orc wizards (D:4)
  4 gnolls (D:5)
  9 adders
  2 ufetubi (D:5)
  2 worms (D:2)
  2 dart slugs
  17 orcs
  4 ball pythons
  3 bats
  5 endoplasms
  6 giant cockroaches
  7 goblins
  7 hobgoblins
  6 jackals
  2 quokkas (D:4)
  5 frilled lizards
  6 kobolds
  7 rats
105 creatures vanquished.

Vanquished Creatures (others)
  13 plants (D:3)
13 creatures vanquished.

Grand Total: 118 creatures vanquished

Notes
Turn   | Place    | Note
-------+----------+-------------------------------------------
     0 | D:1      | Hlep the Formicid Fighter began the quest for the Orb.
     0 | D:1      | Reached XP level 1. HP: 18/18 MP: 1/1
   196 | D:1      | You fall into a shaft and drop 1 floor!
   269 | D:2      | Reached XP level 2. HP: 23/24 MP: 2/2
   680 | D:1      | Reached XP level 3. HP: 26/30 MP: 3/3
  1275 | D:2      | Reached skill level 3 in Long Blades
  1423 | D:2      | Reached XP level 4. HP: 35/37 MP: 4/4
  2339 | D:3      | Reached XP level 5. HP: 30/42 MP: 5/5
  2350 | D:3      | Reached skill level 4 in Long Blades
  2942 | D:4      | Identified a scroll of acquirement
  2942 | D:4      | Acquired the ring of Neoluwiu {rElec rC+ EV+4 SInv}
  3113 | D:4      | Noticed Menkaure
  3132 | D:4      | Killed Menkaure
  3133 | D:4      | Reached skill level 5 in Long Blades
  3133 | D:4      | Reached XP level 6. HP: 33/48 MP: 6/6
  3606 | D:4      | Reached XP level 7. HP: 54/54 MP: 7/7
  3749 | D:4      | Reached skill level 6 in Long Blades
  3822 | D:4      | Found Roeqil's Weapon Shop.
  3967 | D:4      | Found an iron altar of Okawaru.
  3972 | D:4      | Became a worshipper of Warmaster Okawaru
  4024 | D:5      | Entered Level 5 of the Dungeon
  4701 | D:5      | Found a sacrificial altar of Ru.
  5085 | D:6      | Found Zoikunwiwa's General Store.
  5139 | D:6      | Noticed Edmund
  5170 | D:6      | Slain by Edmund

Illustrated notes

Levels and vault maps discovered:
D:1:      nicolae_arrival_somewhat_less_tricky_arrival, layout_basic
D:2:      layout_loops_corners, minmay_curled_crystal,
          chequers_hall_statues_corner_a, kennysheep_generic_room_8
D:3:      layout_basic, serial_bayou, serial_bayou_shore_a, serial_bayou_ford_a,
          serial_bayou_crossing, serial_bayou_lagoon_a, serial_bayou_shore_b,
          serial_bayou_pond_c, minmay_tree_intersection, minmay_puff
D:4:      minmay_skewed_foursquare, layout_loops_corners, kennysheep_little_box,
          serial_shops, nicolae_shop_bloodbath_and_beyond, uniq_menkaure
D:5:      layout_basic, kennysheep_mini_moat, kennysheep_pointless_box,
          minmay_checkerbox
D:6:      layout_gridville, minitemple, nicolae_overflow_crystal_walls,
          minmay_temple_entry_arrows, serial_shops, shop, uniq_edmund,
          uniq_duvessa

Skill      XL: |  1  2  3  4  5  6  7 |
---------------+----------------------+-----
Long Blades    | 3 5 6 |  6.8
Armour         | 4 |  4.8
Fighting       | 4 |  4.4
Shields        | |  4.8

Action                   |  1- 3 |  4- 6 |  7- 9 || total
-------------------------+-------+-------+-------++-------
Melee: Long sword        |   109 |   157 |   131 ||   397
  Use: Scroll            |       |    12 |     4 ||    16
       Potion            |       |       |     2 ||     2
Armor: Scale mail        |    52 |    46 |    42 ||   140
       Skin              |       |       |    10 ||    10
Dodge: Dodged            |    58 |    74 |    58 ||   190
Block: Buckler           |    25 |    40 |    31 ||    96

Table legend: (Time is in decaauts)
 A = Elapsed time spent in this place.
 B = Non-inter-level travel time spent in this place.
 C = Inter-level travel time spent in this place.
 D = Time resting spent in this place.
 E = Time spent auto-exploring this place.
 F = Levels seen in this place.
 G = Mean time per level.
                   A        B        C        D        E       F      G
               +--------+--------+--------+--------+--------+-----+--------+
         Total |   5300 |   5181 |    119 |    213 |   3779 |   6 |  883.3 |
       Dungeon |   5300 |   5181 |    119 |    213 |   3779 |   6 |  883.3 |
               +--------+--------+--------+--------+--------+-----+--------+

Top non-repeatable levels by time:
     D:4: 1179 daAuts
     D:3: 1116 daAuts
     D:5: 1069 daAuts
     D:2: 1042 daAuts
     D:1: 805 daAuts
     D:6: 87 daAuts
